 Dungeon Crawl Stone Soup version 0.16-a0-3008-g8433e14 (console) character file.

637 Fusha the Covered (level 7, -4/64 HPs)
             Began as a Deep Dwarf Wanderer on Dec 7, 2014.
             Was a Follower of the Shining One.
             Slain by a gnoll
             ... wielding a +0 spear
              (5 damage)
             ... on level 5 of the Dungeon.
             The game lasted 00:30:47 (3364 turns).

Fusha the Covered (Deep Dwarf Wanderer)             Turns: 3364, Time: 00:30:47

Health: -4/64      AC: 12    Str: 18    XL:     7   Next: 25%
Magic:  7/7        EV:  8    Int: 11    God:    the Shining One [*.....]
Gold:   119        SH: 11    Dex: 15    Spells: 0 memorised, 6 levels left

rFire  . . .     SeeInvis .     x - +2 war axe
rCold  + . .     Clarity  .     y - +2 ring mail {rC+}
rNeg   . . .     SustAb   .     u - +2 shield
rPois  +         Gourm    .     m - +3 helmet "Shizeex" {+Rage}
rElec  .         Spirit   .     (no cloak)
rCorr  .         Warding  .     (no gloves)
rMut   .         Stasis   .     (no boots)
MR     +....                    (no amulet)
Stlth  +.........               A - +2 ring of dexterity
                                t - ring of poison resistance

@: non-regenerating, glowing, somewhat resistant to hostile enchantments, very
unstealthy
A: damage resistance, recharge devices, sense surroundings 1, slow healing 3
a: Device Recharging, Renounce Religion, Evoke Berserk Rage


You were on level 5 of the Dungeon.
You worshipped the Shining One.
The Shining One was aware of your devotion.
You were hungry.

You visited 1 branch of the dungeon, and saw 5 of its levels.
You also visited: Sewer.

You collected 214 gold pieces.

Inventory:

Hand weapons
 c - a +0 spear
 d - a +0 dagger
 k - a +0 spear of piercing
 x - a +2 war axe (weapon)
Missiles
 j - 56 stones (quivered)
Armour
 a - a +2 leather armour
 m - the +3 helmet "Shizeex" (worn) {+Rage}
   (You found it on level 5 of the Dungeon)

   It lets you go berserk.
 q - a +0 ring mail
 u - a +2 shield (worn)
 y - a +2 ring mail of cold resistance (worn)
Jewellery
 t - a ring of poison resistance (left hand)
 A - a +2 ring of dexterity (right hand)
Magical devices
 e - a wand of heal wounds (9)
 D - a wand of confusion (37)
Scrolls
 h - 2 scrolls of teleportation
 p - 2 scrolls of remove curse
 E - a scroll of magic mapping
Potions
 b - a potion of lignification
 i - 8 potions of curing
 l - a potion of degeneration
 r - a potion of magic
 z - 2 potions of ambrosia
 G - 2 potions of agility
 I - 3 potions of flight
 J - 2 potions of brilliance
 K - a potion of heal wounds
Miscellaneous
 w - a plain deck of changes {drawn: 7}
Comestibles
 f - 4 bread rations
 g - 2 beef jerkies
 n - 2 chunks of flesh
 s - 9 fruits
 v - 2 meat rations


   Skills:
 + Level 4.1 Fighting
 * Level 3.2(4.0) Axes
 - Level 2.6(3.2) Polearms
 * Level 4.4 Armour
 - Level 3.0 Dodging
 - Level 3.5 Stealth
 * Level 3.6 Shields


You had 6 spell levels left.
You didn't know any spells.

Dungeon Overview and Level Annotations

Branches:
Dungeon (5/15)
 Temple: D:4-7

Altars:
Fedhas
Nemelex Xobeh
Qazlal
The Shining One

Shops:
D:5 [


Innate Abilities, Weirdness & Mutations

You are resistant to damage.
You can recharge devices by infusing magical energy.
You passively map a small area around you.
You do not heal naturally.


Message History

You hit the gnoll but do no damage.
The gnoll is heavily wounded.
The gnoll hits you but does no damage.
You hit the gnoll.
The gnoll is severely wounded.
You block the gnoll's attack.
You hit the gnoll.
The gnoll is severely wounded.
You block the gnoll's attack. The gnoll hits you with a spear!
* * * LOW HITPOINT WARNING * * *
You barely miss the gnoll.
The gnoll is severely wounded.
You block the gnoll's attack.
You hit the gnoll.
The gnoll is almost dead.
The gnoll hits you but does no damage.
You barely miss the gnoll.
The gnoll is almost dead.
You block the gnoll's attack. The gnoll hits you with a spear.
You die...

....... , #.....# #≈#≈
.....######*###### ).......###≈#≈
..........# #....##.#..##....#≈#≈
..........###........ . #....#K#≈
...................... ##....#≈##
.....................,>......##≈≈
.................... .........###
###.....∩.∩....g######........###
###............)@................
.....###∩.∩#######...####.....###
.....##........###...............
.....................[####..##...
................##..........##...
................##...(.##...##...
................##.....##...##...
#...............##.....##...##...
)...............###.#..##...##...


You could see a gnoll.

Vanquished Creatures
  A gnoll sergeant (D:5)
  A big kobold (Sewer)
  A scorpion (D:4)
  A centaur zombie (D:5)
  A hound (D:4)
  An iguana (D:5)
  A hound skeleton (D:4)
  Robin (D:4)
  A gnoll (D:5)
  A worker ant zombie (D:5)
  7 adders
  A river rat (D:5)
  3 giant mites
  5 worms
  An ooze (Sewer)
  10 orcs
  4 giant cockroaches
  20 goblins
  7 hobgoblins
  22 kobolds
  2 quokkas
  4 ball pythons
  11 bats
  A giant gecko skeleton (D:5)
  3 giant newts
  15 rats
126 creatures vanquished.

Vanquished Creatures (collateral kills)
  A phantom (D:4)
  Natasha (D:5)
  An adder (D:5)
  A gnoll (D:5)
  A worm (D:5)
  A bat (D:4)
  A giant cockroach (D:5)
7 creatures vanquished.

Vanquished Creatures (others)
  A big kobold (D:5)
1 creature vanquished.

Grand Total: 134 creatures vanquished

Notes
Turn   | Place    | Note
--------------------------------------------------------------
     0 | D:1      | Fusha, the Deep Dwarf Wanderer, began the quest for the Orb.
     0 | D:1      | Fusha set off with: a +2 leather armour, a potion of lignification, a +0 spear, a +0 dagger, a wand of heal wounds (5), a bread ration
     0 | D:1      | Reached XP level 1. HP: 20/20 MP: 1/1
   228 | D:1      | Reached XP level 2. HP: 27/27 MP: 2/2
   252 | D:1      | Reached skill level 3 in Fighting
   894 | D:2      | Reached XP level 3. HP: 29/34 MP: 3/3
  1207 | D:2      | Reached skill level 1 in Armour
  1285 | D:2      | Reached XP level 4. HP: 25/42 MP: 4/4
  1561 | D:3      | Found a glowing golden altar of the Shining One.
  1585 | D:3      | Became a worshipper of the Shining One
  1710 | D:3      | Found a sparkling altar of Nemelex Xobeh.
  1732 | D:3      | Noticed an ogre
  2017 | D:4      | Noticed Robin
  2043 | D:4      | Reached XP level 5. HP: 43/49 MP: 5/5
  2086 | D:4      | Reached skill level 1 in Axes
  2105 | D:4      | Killed Robin
  2134 | D:4      | Noticed a phantom
  2136 | D:4      | Hired Ghitaph the big kobold for 95 gold.
  2162 | D:4      | Killed a phantom
  2162 | D:4      | Reached skill level 1 in Shields
  2192 | D:4      | Reached XP level 6. HP: 39/57 MP: 6/6
  2526 | D:4      | Found a blossoming altar of Fedhas.
  2674 | D:5      | Entered Level 5 of the Dungeon
  2725 | D:5      | Acquired the Shining One's first power
  2792 | D:5      | Found a glowing drain.
  2797 | Sewer    | Entered a sewer
  2840 | Sewer    | Reached skill level 4 in Fighting
  3175 | D:5      | Found a stormy altar of Qazlal.
  3177 | D:5      | Noticed a water elemental
  3178 | D:5      | Noticed a fire elemental
  3178 | D:5      | Noticed an air elemental
  3185 | D:5      | Got a translucent helmet
  3191 | D:5      | Identified the +3 helmet "Shizeex" {+Rage} (You found it on level 5 of the Dungeon)
  3273 | D:5      | Found Gaguiqui's Antique Armour Shoppe.
  3273 | D:5      | Noticed Natasha
  3279 | D:5      | Killed Natasha
  3279 | D:5      | Reached XP level 7. HP: 24/64 MP: 7/7
  3324 | D:5      | Your ally Ghitaph died
  3361 | D:5      | HP: 1/64 [gnoll/spear (6)]
  3364 | D:5      | Slain by a gnoll

Action                   |  1- 3 |  4- 6 |  7- 9 || total
-------------------------+-------+-------+-------++-------
Melee: Spear             |   140 |   106 |       ||   246
       War axe           |       |   166 |    26 ||   192
Throw: Stone             |     1 |     7 |       ||     8
Evoke: Deck              |       |     6 |     1 ||     7
       Wand              |       |     2 |       ||     2
  Use: Potion            |       |     1 |       ||     1
       Scroll            |       |    14 |       ||    14
 Stab: Sleeping          |     8 |     2 |       ||    10
       Distracted        |       |     1 |       ||     1
  Eat: Chunk             |     1 |     7 |       ||     8
